 Dungeon Crawl Stone Soup version 0.23.1 (webtiles) character file.

Game seed: 11564006941512744167

70 Fang the Skirmisher (level 4, 0/43 HPs)
             Began as a Gargoyle Berserker on Mar 7, 2019.
             Was a Believer of Trog.
             Slain by Crazy Yiuf
             ... wielding a +4 quarterstaff of chaos
              (6 damage)
             ... on level 2 of the Dungeon.
             The game lasted 00:01:30 (1868 turns).

Fang the Skirmisher (Gargoyle Berserker)            Turns: 1868, Time: 00:01:30

Health: 0/43       AC:  5    Str: 26    XL:     4   Next: 22%
Magic:  0/4        EV: 12    Int:  8    God:    Trog [**....]
Gold:   71         SH:  0    Dex:  9    Spells: 3/3 levels left

rFire    . . .     SeeInvis .   a - +0 hand axe
rCold    . . .     Gourm    .   (no shield)
rNeg     + . .     Faith    .   b - +0 animal skin
rPois    ∞         Spirit   .   (no helmet)
rElec    +         Reflect  .   (no cloak)
rCorr    .         Harm     .   (no gloves)
MR       .....                  (no boots)
Stlth    ..........             (no amulet)
HPRegen  0.14/turn              j - ring of flight
MPRegen  0.09/turn              (no ring)

@: berserking, very quick
A: negative energy resistance 1, electricity resistance, unbreathing,
petrification resistance, rot immunity, AC +3
a: Berserk, Trog's Hand, Renounce Religion, Evoke Flight


You were on level 2 of the Dungeon.
You worshipped Trog.
Trog was pleased with you.
You were not hungry.

You visited 1 branch of the dungeon, and saw 2 of its levels.

You collected 71 gold pieces.

Inventory:

Hand Weapons
 a - a +0 hand axe (weapon)
Armour
 b - a +0 animal skin (worn)
Jewellery
 j - a ring of flight (left hand)
Scrolls
 d - 3 scrolls of noise {unknown}
 f - a scroll of immolation {unknown}
 k - a scroll of teleportation {unknown}
Potions
 e - a potion of cancellation {unknown}
 g - a potion of curing {unknown}
 h - 3 potions of heal wounds {unknown}
 i - a potion of invisibility {unknown}
 l - a potion of magic {unknown}
Comestibles
 c - 6 rations


   Skills:
 + Level 3.9 Fighting
 + Level 3.2 Axes
 + Level 3.1 Armour
 + Level 2.2 Dodging


You had 3 spell levels left.
You didn't know any spells.
Your spell library was empty.

Dungeon Overview and Level Annotations

Branches:
Dungeon (2/15)

Altars:

Annotations:
D:2 Crazy Yiuf


Innate Abilities, Weirdness & Mutations

You are resistant to torment.
Your stone body is resilient. (AC +3)
You are immune to poison.
You resist negative energy. (rN+)
You are resistant to electric shocks. (rElec)
You can survive without breathing.
You are immune to petrification.
You are immune to rotting.


Message History

Crazy Yiuf grits, "Gnoll disdain down!"
No reachable target in view!
No reachable target in view!
You open the door.
You're too hungry.
You closely miss Crazy Yiuf. Crazy Yiuf barely misses you.
You eat one of the 7 rations.
That ration really hit the spot!
Crazy Yiuf hits you with a +4 quarterstaff of chaos!
Ouch! That really hurt!
You feel your power leaking away.
A red film seems to cover your vision as you go berserk!
You feel yourself moving faster!
You feel mighty!
You feel a lot more hungry.
Crazy Yiuf hits you with a +4 quarterstaff of chaos!
* * * LOW HITPOINT WARNING * * *
You hit Crazy Yiuf.
Crazy Yiuf is moderately wounded.
You completely miss Crazy Yiuf.
Crazy Yiuf is moderately wounded.
Crazy Yiuf hits you with a +4 quarterstaff of chaos.
You die...

####♣♣ ### ##..#P♣♣
♣♣#..)# #
###....P.♣♣♣♣@g...#
#
#.........♣..♣#...#
# #.###.#..♣.♣♣♣
### ####.# ###♣♣♣♣♣
..##.# #.##.# ###
#.##.## #.# #.....#
#.# ####.## #.#


You could see Crazy Yiuf.

Vanquished Creatures
  An iguana (D:2)
  2 adders (D:2)
  An ooze (D:1)
  A giant cockroach (D:1)
  8 goblins
  4 hobgoblins (D:1)
  3 bats (D:1)
  A frilled lizard (D:1)
  4 rats
25 creatures vanquished.

Notes
Turn   | Place    | Note
-------+----------+-------------------------------------------
     0 | D:1      | Fang the Gargoyle Berserker began the quest for the Orb.
     0 | D:1      | Reached XP level 1. HP: 14/14 MP: 1/1
   101 | D:1      | Reached XP level 2. HP: 15/19 MP: 2/2
   777 | D:1      | Reached ** piety under Trog
   777 | D:1      | Reached XP level 3. HP: 20/23 MP: 3/3
  1122 | D:2      | Reached XP level 4. HP: 14/29 MP: 4/4
  1594 | D:2      | Found a runed translucent door.
  1595 | D:2      | Noticed Crazy Yiuf
  1868 | D:2      | Slain by Crazy Yiuf

Skill      XL: |  1  2  3 |
---------------+----------+-----
Axes           | 3 |  3.2
Dodging        | 2 |  2.2
Armour         | 3 |  3.1
Fighting       | |  3.9

Action                   |  1- 3 |  4- 6 || total
-------------------------+-------+-------++-------
Melee: Hand axe          |    75 |    12 ||    87
Invok: Berserk           |     1 |     1 ||     2
  Eat: Chunk             |     2 |       ||     2
       Ration            |       |     1 ||     1
Armor: Animal skin       |    37 |     1 ||    38
Dodge: Dodged            |    73 |     9 ||    82
